 Dungeon Crawl Stone Soup version 0.31-a0-1071-gaead2f62b1 (webtiles) character file.

Game seed: 14042341688820502507

2095 whatisthis the Frost Mage (level 9, -17/79 HPs)
             Began as a Grey Draconian Ice Elementalist on Nov 26, 2023.
             Was a Believer of Vehumet.
             Demolished by an orc knight
             ... wielding a +0 bardiche
              (22 damage)
             ... on level 7 of the Dungeon.
             The game lasted 00:32:00 (6476 turns).

whatisthis the Frost Mage (DrIE)                    Turns: 6476, Time: 00:32:02

Health: -17/79     AC: 15    Str: 10    XL:     9   Next: 7%
Magic:  24/27      EV: 12    Int: 20    God:    Vehumet [**....]
Gold:   250        SH:  0    Dex: 12    Spells: 14/21 levels left

rFire   . . .        g - +2 dagger (speed)
rCold   . . .        (no shield)
rNeg    . . .        (body armour unavailable)
rPois   .            (helmet restricted)
rElec   .            (no cloak)
rCorr   .            (no gloves)
SInv    .            q - +2 pair of boots
Will    .....        (no amulet)
Stlth   ++           k - ring of magical power
HPRegen 0.33/turn    (no ring)
MPRegen 0.20/turn

%: no passive effects
@: hasted (expiring), very quick
A: AC +12, amphibious, unfitting armour, cold-blooded
a: Renounce Religion


You were on level 7 of the Dungeon.
You worshipped Vehumet.
Vehumet was pleased with you.
You visited 2 branches of the dungeon, and saw 8 of its levels.
You also visited: Bailey.

You collected 250 gold pieces.

Inventory:

Hand Weapons
 g - a +2 dagger of speed (weapon)
 t - a +2 dagger of holy wrath
Missiles
 b - 42 stones
 p - 2 atropa-tipped darts (quivered)
Armour
 q - a +2 pair of boots (worn)
Jewellery
 k - a ring of magical power (left hand)
Wands
 x - a wand of charming (11)
 y - a wand of flame (19)
Scrolls
 h - 3 scrolls of brand weapon
 i - 3 scrolls of teleportation
 j - 2 scrolls of enchant armour
 l - 2 scrolls of poison
 s - a scroll of vulnerability {unknown}
 u - a scroll of revelation {unknown}
 v - 2 scrolls of immolation
 z - a scroll of acquirement {unknown}
Potions
 a - a potion of magic
 c - a potion of heal wounds {unknown}
 e - a potion of brilliance {unknown}
 f - a potion of haste
 m - 4 potions of curing
 n - a potion of berserk rage {unknown}
 o - a potion of experience {unknown}
 r - a potion of invisibility {unknown}
 w - a potion of degeneration {unknown}


   Skills:
 + Level 7.4 Fighting
 - Level 1.7 Dodging
 - Level 1.7 Stealth
 + Level 6.6 Spellcasting
 + Level 8.0 Ice Magic


You had 14 spell levels left.
You knew the following spells:

 Your Spells              Type           Power      Damage    Failure   Level
a - Freeze                Ice            100%       1d10      1%          1
b - Frozen Ramparts       Ice            76%        1d12      1%          3
c - Ozocubu's Armour      Ice            38%        N/A       1%          3

Your spell library contained the following spells:

 Spells                   Type           Power      Damage    Failure   Level
 Static Discharge         Conj/Air       12%        3-4/arc   16%         2
 Apportation              Tloc           12%        N/A       10%         1
 Necrotise                Necr           24%        1d5       10%         1
 Summon Small Mammal      Summ           24%        N/A       10%         1
 Summon Ice Beast         Ice/Summ       22%        N/A       19%         4


Dungeon Overview and Level Annotations

Branches:
Dungeon (7/15)             Temple (1/1) D:5          Bailey (visited)

Altars:
Ashenzari
Cheibriados
Dithmenos
Elyvilon
Fedhas
Gozag
Kikubaaqudgha
Makhleb
Nemelex Xobeh
Okawaru
Qazlal
Ru
Sif Muna
Trog
Uskayaw
Vehumet
Wu Jian
Xom
Yredelemnul
Zin
The Shining One

Shops:
D:1 *

Annotations:
D:5 exclusion: downstairs
Temple 2 transporters


Innate Abilities, Weirdness & Mutations

Your dull iron-grey scales are very hard. (AC +12)
You are amphibious.
You cannot fit into any form of body armour.
You are cold-blooded and may be slowed by cold attacks.


Message History

Gang up on whom?
Press: ? - help, Dir - move target You can't see that place. [a stone wall.]
You can't see that place.
Okay, then.
What are your orders? t - Shout!
Orders for allies: a - Attack new target. r - Retreat! s - Stop attacking. g - Guard the area. f - Follow me.
Anything else - Cancel.
Retreat in which direction?
Press: ? - help, Dir - move target You can't see that place. [an open door.]
You can't see that place.
Okay, then.
Your orc knight cheers loudly.
The orc knight is no longer charmed.
Your extra speed is starting to run out.
The orc knight hits you with a +0 bardiche.
* * * LOW HITPOINT WARNING * * *
Welcome back to the Dungeon!
There is an empty arch of ancient stone here.
Aiming: Charm
Press: ? - help, Shift-Dir - straight line, f - orc knight
Aim: an orc knight, wielding a +0 bardiche and wearing a +0 plate armour (moderately wounded, chance to affect: 31%)
The orc knight easily resists.
Aiming: Charm
Press: ? - help, Shift-Dir - straight line, f/p - orc knight
Aim: an orc knight, wielding a +0 bardiche and wearing a +0 plate armour (moderately wounded, chance to affect: 31%)
The orc knight easily resists.
The orc knight hits you but does no damage.
Aiming: Charm
Press: ? - help, Shift-Dir - straight line, f/p - orc knight
Aim: an orc knight, wielding a +0 bardiche and wearing a +0 plate armour (moderately wounded, chance to affect: 31%)
The orc knight easily resists.
The orc knight hits you with a +0 bardiche!!
You die...

#......# #......#
+......# #.
.###......# ...
..#..........# ...
#....~≈ ~≈~.# ....
+....~#####≈.#.....
#....~#...#≈.+.....
#....~#o@..~........
#....~#...#~.#......
#....~#####~........
#....~~~~~~~........
#...................
#..............#####
####)..........#
#####)..........#
#..)))..........#


You could see an orc knight.

Vanquished Creatures
  2 water moccasins (D:6)
  2 orc warriors (Bailey)
  2 black bears
  A phantom (D:6)
  2 bullfrogs (D:7)
  A gnoll sergeant (D:5)
  A scorpion (D:7)
  A wight (D:6)
  3 howler monkeys (D:7)
  A gnoll bouda (D:4)
  6 orc priests
  4 hounds
  A jelly (D:4)
  A sleepcap (D:5)
  Jessica (D:2)
  6 iguanas
  5 orc wizards (D:5)
  Terence (D:2)
  9 gnolls
  11 adders
  A worm (D:4)
  6 dart slugs
  23 orcs
  7 ball pythons
  5 endoplasms
  6 giant cockroaches
  13 goblins
  3 hobgoblins
  8 jackals
  6 quokkas
  4 bats
  5 frilled lizards
  4 kobolds
  6 rats
158 creatures vanquished.

Vanquished Creatures (collateral kills)
  3 orcs (Bailey)
3 creatures vanquished.

Grand Total: 161 creatures vanquished

Notes
Turn   | Place    | Note
-------+----------+-------------------------------------------
     0 | D:1      | whatisthis the Draconian Ice Elementalist began the quest
                  | for the Orb.
     0 | D:1      | Reached XP level 1. HP: 14/14 MP: 3/3
   194 | D:1      | Reached XP level 2. HP: 22/22 MP: 1/5
   279 | D:1      | Reached skill level 1 in Fighting
   667 | D:1      | Found Anirec's General Store.
   696 | D:1      | Reached XP level 3. HP: 20/28 MP: 1/6
   868 | D:1      | Learned a level 3 spell: Frozen Ramparts
   872 | D:1      | Learned a level 3 spell: Ozocubu's Armour
  1228 | D:2      | You fall into a shaft and drop 1 floor!
  1517 | D:2      | Noticed Terence
  1539 | D:2      | Killed Terence
  1650 | D:2      | Reached XP level 4. HP: 36/36 MP: 8/8
  2055 | D:2      | Noticed Jessica
  2284 | D:2      | Killed Jessica
  2285 | D:2      | Reached XP level 5. HP: 35/44 MP: 9/9
  2605 | D:3      | Found an opulent altar of Gozag.
  2673 | D:3      | Reached skill level 5 in Ice Magic
  3025 | D:4      | Found Bimn's Antique Armour Emporium.
  3381 | D:4      | Reached XP level 6. HP: 51/51 MP: 11/11
  3907 | D:5      | Entered Level 5 of the Dungeon
  3956 | D:5      | Found a staircase to the Ecumenical Temple.
  3966 | Temple   | Found a transporter.
  3966 | Temple   | Found a transporter.
  3966 | Temple   | Found a transporter.
  3966 | Temple   | Found a transporter.
  3966 | Temple   | Entered the Ecumenical Temple
  3982 | Temple   | Became a worshipper of Vehumet
  4263 | D:5      | Your scales start taking on a dull iron-grey colour.
  4263 | D:5      | Reached XP level 7. HP: 60/60 MP: 13/13
  4342 | D:5      | Reached skill level 6 in Ice Magic
  4422 | D:5      | Reached skill level 5 in Fighting
  4566 | D:5      | Reached * piety under Vehumet
  4566 | D:5      | Offered knowledge of Sandblast by Vehumet.
  4892 | D:5      | Reached skill level 5 in Spellcasting
  5233 | D:6      | Reached XP level 8. HP: 47/70 MP: 15/15
  5348 | D:6      | Found a blossoming altar of Fedhas.
  5609 | D:6      | Reached skill level 7 in Ice Magic
  6245 | D:7      | Offered knowledge of Static Discharge by Vehumet.
  6284 | D:7      | Reached ** piety under Vehumet
  6314 | D:7      | Found a flagged portal.
  6323 | Bailey   | Entered a bailey
  6394 | Bailey   | Reached XP level 9. HP: 52/79 MP: 18/18
  6396 | Bailey   | Noticed an orc knight
  6422 | Bailey   | HP: 3/79 [orc knight/+0 bardiche (12)]
  6457 | Bailey   | Reached skill level 8 in Ice Magic
  6476 | D:7      | Demolished by an orc knight

Illustrated notes

Levels and vault maps discovered:
D:1:      minmay_arrival_widening_spiral_wide, layout_basic, serial_shops, shop
D:2:      layout_basic, uniq_terence, uniq_jessica
D:3:      layout_loops_cross, general_overflow_altar, nicolae_titane
D:4:      nicolae_BIG_FREAKIN_CUBE, layout_loops_ring, serial_shops, shop
D:5:      layout_basic, minmay_temple_entry_overgrown
D:6:      layout_basic, kennysheep_little_box
D:7:      layout_basic, nicolae_overflow_crystal_walls, enter_bailey_3,
          grunt_livestock, sigmund_army
Temple:   hellmonk_temple_divided_pantheon

Skill      XL: |  1  2  3  4  5  6  7  8  9 |
---------------+----------------------------+-----
Fighting       | 1 2 3 4 5 7 |  7.4
Spellcasting   | 3 4 5 6 |  6.6
Ice Magic      | 5 6 7 8 |  8.0
Dodging        | |  1.7
Stealth        | |  1.7

Action                     |  1- 3 |  4- 6 |  7- 9 || total
---------------------------+-------+-------+-------++-------
  Melee: Unarmed           |    47 |       |       ||    47
         Tailslap          |    11 |    13 |    20 ||    44
         Punch             |     1 |     2 |     1 ||     4
         Dagger            |    42 |   101 |   150 ||   293
  Throw: Stone             |     1 |     1 |     2 ||     4
   Cast: Freeze            |    32 |    23 |    31 ||    86
         Frozen Ramparts   |     2 |    17 |    30 ||    49
         Ozocubu's Armour  |     1 |     3 |     9 ||    13
  Evoke: Wand              |       |       |     4 ||     4
    Use: Scroll            |       |       |    10 ||    10
         Potion            |       |       |     1 ||     1
   Stab: Sleeping          |     4 |     3 |     1 ||     8
 Armour: Skin              |    44 |    46 |   127 ||   217
  Dodge: Dodged            |    51 |    56 |   102 ||   209

Table legend: (Time is in decaauts)
 A = Elapsed time spent in this place.
 B = Non-inter-level travel time spent in this place.
 C = Inter-level travel time spent in this place.
 D = Time resting spent in this place.
 E = Time spent auto-exploring this place.
 F = Levels seen in this place.
 G = Mean time per level.
                   A        B        C        D        E       F      G
               +--------+--------+--------+--------+--------+-----+--------+
         Total |   6370 |   6078 |    292 |    964 |   3029 |   9 |  707.8 |
       Dungeon |   6205 |   5922 |    283 |    925 |   3029 |   7 |  886.4 |
        Temple |     31 |     22 |      9 |      0 |      0 |   1 |   31.0 |
        Bailey |    133 |    133 |      0 |     39 |      0 |   1 |  133.0 |
               +--------+--------+--------+--------+--------+-----+--------+

Top non-repeatable levels by time:
     D:5: 1241 daAuts
     D:1: 1131 daAuts
     D:2: 1113 daAuts
     D:6: 914 daAuts
     D:4: 897 daAuts
     D:3: 744 daAuts
     D:7: 163 daAuts
  Bailey: 133 daAuts
  Temple: 31 daAuts
